Map: Eternal Empire LE

Players

Rogue - Winner!

  • Race: Zerg Zerg
  • Spawn Location: 1:00

Dark

  • Race: Zerg Zerg
  • Spawn Location: 7:00

Event: IEM Katowice 2020

VOD

Have the link to the VOD?

Description

Time

  • Played on: Feb. 29, 2020, 12:21 p.m.
  • Length: 6:55

All games in this series

Show
View Real Time Build Order
Export as new Build Order

Rogue Zerg - Winner!

Build Orders: Hatch First 

Get SALT Encoding   

  12  0:00  Drone  
  13  0:12  Overlord  
  13  0:17  Drone  
  14  0:30  Drone x2  
  16  0:48  Hatchery  
  15  0:52  Drone  
  15  0:55  Drone  
  17  0:58  Drone  
  18  1:08  Extractor  
  17  1:13  Spawning Pool  
  17  1:17  Drone  
  17  1:20  Drone  
  18  1:28  Drone  
  19  1:38  Drone  
  20  1:49  Drone  
  21  2:00  Queen x2  
  21  2:01  Drone, Overlord  
  26  2:08  Metabolic Boost  
  26  2:10  Drone  
  26  2:12  Drone  
  28  2:22  Drone x2  
  30  2:35  Hatchery  
  29  2:37  Drone  
  29  2:40  Drone  
  29  2:43  Evolution Chamber  
  30  2:47  Drone  
  30  2:48  Drone  
  32  2:54  Queen  
  34  2:59  Overlord  
  34  3:02  Drone  
  34  3:04  Drone  
  36  3:11  Zerg Ground Armor Level 1  
  36  3:17  Drone x3  
  36  3:18  Drone  
  40  3:20  Zergling x2  
  40  3:25  Baneling Nest  
  40  3:27  Drone  
  40  3:31  Overlord  
  41  3:34  Zergling x2  
  41  3:35  Drone  
  41  3:37  Drone  
  44  3:44  Overlord  
  44  3:50  Zergling x4  
  44  3:51  Zergling x6  
  49  3:56  Overlord  
  49  3:58  Drone  
  49  3:59  Drone  
  51  4:06  Zergling x8  
  51  4:09  Baneling x2  
  54  4:11  Zergling x2  
  54  4:15  Overlord  
  55  4:19  Roach Warren  
  55  4:20  Drone x3  
  55  4:21  Drone  
  55  4:22  Drone  
  59  4:28  Zergling x2  
  59  4:31  Zergling x6  
  63  4:33  Zergling x4  
  65  4:38  Extractor  
  65  4:40  Zergling x2  
  65  4:44  Zergling x8  
  65  4:45  Zergling x2, Baneling  
  70  4:46  Baneling x2  
  69  4:56  Zergling x2  
  65  5:00  Zergling x10  
  65  5:01  Baneling x2  
  65  5:02  Zergling x2  
  65  5:04  Zergling x2  
  70  5:07  Zergling x6, Extractor  
  70  5:13  Zergling x4  
  70  5:16  Zergling x2  
  70  5:17  Zergling x4  
  70  5:18  Zergling x2  
  70  5:20  Overlord  
  70  5:22  Baneling x2  
  70  5:26  Roach  
  72  5:29  Zergling x2  
  72  5:33  Roach  
  74  5:37  Roach x3  
  74  5:41  Overlord  
  74  5:42  Roach x4  
  82  5:52  Roach x2  
  82  5:57  Roach x2  
  82  5:58  Roach, Overlord  
  82  6:00  Zergling x2  
  88  6:06  Zergling x4  
  88  6:07  Zergling x8  
  88  6:10  Overlord  
  94  6:17  Baneling x7  
  94  6:19  Zergling x4  
  94  6:22  Zergling x2  
  94  6:24  Overlord  
  94  6:25  Zergling x2  
  98  6:29  Zergling x2  
  98  6:30  Zergling x4  
  101  6:33  Baneling x4  
  99  6:47  Ravager  
Show
View Real Time Build Order
Export as new Build Order

Dark Zerg 

Build Orders: Hatch First 

Get SALT Encoding   

  12  0:00  Drone  
  13  0:12  Overlord  
  13  0:17  Drone  
  14  0:30  Drone x2  
  16  0:49  Hatchery  
  15  0:50  Drone  
  17  0:57  Drone  
  17  0:59  Drone  
  18  1:11  Extractor  
  18  1:13  Spawning Pool  
  18  1:17  Drone  
  17  1:21  Drone  
  18  1:30  Drone  
  19  1:40  Drone  
  20  1:50  Drone  
  21  2:00  Queen x2  
  25  2:01  Drone x2  
  27  2:10  Overlord  
  27  2:14  Drone  
  28  2:15  Metabolic Boost  
  28  2:28  Drone x2  
  30  2:33  Drone  
  30  2:36  Hatchery  
  30  2:42  Queen  
  32  2:45  Drone  
  32  2:50  Overlord  
  33  2:55  Baneling Nest  
  33  2:57  Drone  
  33  2:59  Drone  
  33  3:05  Drone  
  35  3:06  Drone  
  35  3:10  Zergling x4  
  35  3:12  Zergling x2  
  39  3:16  Overlord  
  39  3:19  Drone  
  40  3:22  Drone x2  
  40  3:25  Drone  
  43  3:28  Drone  
  44  3:36  Drone x2  
  44  3:39  Baneling  
  44  3:40  Drone x4  
  50  3:45  Drone  
  50  3:47  Drone x3  
  50  3:48  Extractor  
  53  3:51  Overlord  
  53  3:57  Drone  
  53  3:58  Lair  
  54  4:06  Zergling x4  
  54  4:07  Zergling x2  
  57  4:10  Drone  
  58  4:18  Drone x3  
  58  4:19  Drone x3  
  58  4:20  Evolution Chamber  
  58  4:21  Roach Warren  
  62  4:24  Drone x2  
  62  4:28  Drone x2  
  62  4:30  Overlord  
  65  4:33  Overlord  
  65  4:37  Extractor  
  64  4:38  Extractor  
  64  4:39  Baneling  
  64  4:40  Queen, Baneling  
  64  4:45  Baneling x2  
  65  4:52  Zergling x2  
  65  4:59  Zergling x4  
  67  5:00  Zergling x4, Drone x2  
  67  5:02  Drone x2  
  67  5:04  Drone x2  
  73  5:07  Zergling x8  
  73  5:10  Roach x2  
  78  5:16  Roach x2  
  78  5:18  Roach  
  78  5:19  Roach  
  70  5:22  Baneling x2  
  70  5:23  Roach  
  70  5:25  Baneling x2  
  70  5:27  Baneling  
  70  5:28  Roach x2  
  74  5:30  Zergling x2  
  74  5:35  Roach  
  72  5:37  Roach  
  72  5:41  Roach, Baneling x2  
  73  5:44  Queen  
  73  5:45  Roach  
  76  5:51  Roach  
  76  5:54  Roach  
  76  5:56  Roach  
  80  5:57  Queen  
  80  5:59  Baneling  
  80  6:02  Overlord  
  81  6:06  Overlord  
  81  6:12  Overlord  
  81  6:16  Overlord x2  
  81  6:22  Drone x2  
  83  6:26  Drone  
  83  6:30  Roach  
  83  6:31  Roach  

Tags
 
Add a new tag
Caveats
  • Supply blocks, unpowered buildings, or Contaminate may cause inaccurate times.
  • Supply counts are checked every 10 seconds.